 Dungeon Crawl Stone Soup version 0.31.0-11-ge490571c62 (webtiles) character file.

Game seed: 7397058830246703695

35768 ces the Marksspriggan (level 13, -7/67 HPs)
             Began as a Spriggan Hunter on Jan 29, 2024.
             Was an Initiate of Gozag.
             Shot with an arrow by a centaur warrior (14 damage)
             ... on level 15 of the Dungeon.
             The game lasted 00:42:14 (20149 turns).

ces the Marksspriggan (Spriggan Hunter)            Turns: 20149, Time: 00:42:15

Health: -7/67      AC:  3    Str:  7    XL:     13   Next: 49%
Magic:  14/14      EV: 30    Int: 10    God:    Gozag
Gold:   3510       SH:  0    Dex: 24    Spells: 12/12 levels left

rFire   . . .        a - +4 shortbow (drain)
rCold   . . .        (shield currently unavailable)
rNeg    . . .        A - +1 robe {Will+}
rPois   +            (helmet restricted)
rElec   .            (no cloak)
rCorr   .            (gloves unavailable)
SInv    +            (boots unavailable)
Will    +++..        l - amulet of magic regeneration
Stlth   ++++++       B - +4 ring of slaying
HPRegen 0.31/turn    E - ring of poison resistance
MPRegen 0.54/turn

%: no passive effects
@: very quick
A: very small, no large weapons, unfitting armour, see invisible, speed 3
a: Renounce Religion, Potion Petition, Call Merchant, Bribe Branch


You were on level 15 of the Dungeon.
You worshipped Gozag.
Gozag was most pleased with you.
You visited 3 branches of the dungeon, and saw 18 of its levels.

You collected 3590 gold pieces.
You paid 80 gold pieces to Gozag.

Inventory:

Hand Weapons
 a - a +4 shortbow of draining (weapon)
 s - a +2 heavy shortbow
Armour
 A - a +1 robe of willpower (worn)
Jewellery
 l - an amulet of magic regeneration (around neck)
 o - a +4 ring of protection
 w - a ring of magical power
 B - a +4 ring of slaying (left hand)
 C - a ring of flight
 E - a ring of poison resistance (right hand)
 I - a +5 ring of evasion
 J - the amulet "Ral Dica" {Reflect rPois rF++ rCorr Int+4 SH+5}
   (You found it on level 13 of the Dungeon)

   [amulet of reflection]

   Reflect:   It reflects blocked missile attacks.
   Int+4:     It affects your intelligence (+4).
   rF++:      It greatly protects you from fire.
   rPois:     It protects you from poison rCorr: It protects you from acid and
   corrosion.
   SH+5:      It affects your SH (+5).
Wands
 x - a wand of iceblast (3)
 y - a wand of light (7)
 H - a wand of flame (7)
Scrolls
 c - a scroll of silence
 e - a scroll of immolation
 f - a scroll of amnesia
 i - a scroll of noise
 j - a scroll of vulnerability {unknown}
 n - 3 scrolls of brand weapon
 p - 3 scrolls of revelation
 r - a scroll of poison {unknown}
 v - a scroll of torment
 F - a scroll of acquirement {unknown}
 K - a scroll of enchant armour {unknown}
Potions
 b - 8 potions of curing
 g - 3 potions of might
 h - a potion of attraction
 k - a potion of brilliance
 q - 2 potions of lignification
 u - a potion of cancellation
 D - a potion of berserk rage
 G - a potion of haste
Miscellaneous
 d - a phantom mirror


   Skills:
 + Level 7.2 Fighting
 * Level 18.0 Ranged Weapons
 + Level 12.8 Dodging
 + Level 13.1 Stealth


You had 12 spell levels left.
You didn't know any spells.
Your spell library contained the following spells:

 Spells                   Type           Power      Damage    Failure   Level
 Apportation              Tloc           0%         N/A       36%         1
 Freeze                   Ice            0%         1d3       36%         1
 Sandblast                Erth           0%         2d4       36%         1
 Cigotuvi's Dreadful Rot  Necr/Alch/Air  0%         N/A       50%         2
 Jinxbite                 Hex            0%         N/A       50%         2
 Frozen Ramparts          Ice            0%         1d1       75%         3
 Hailstorm                Conj/Ice       0%         3d5       75%         3
 Passwall                 Erth           0%         N/A       75%         3
 Stone Arrow              Conj/Erth      0%         3d7       75%         3
 Brom's Barrelling Bould  Conj/Erth      0%         2d3       98%         4
 Ignite Poison            Fire/Alch      0%         N/A       98%         4
 Alistair's Intoxication  Alch           0%         N/A       100%        5
 Freezing Cloud           Conj/Ice/Air   0%         6-21      100%        5


Dungeon Overview and Level Annotations

Branches:
Dungeon (15/15)            Temple (1/1) D:4            Lair (2/5) D:9
  Snake (0/4) Lair:2
  Swamp: Lair:2-3    Shoals: Lair:2-3       Orc: D:9-12      Vaults: D:13-14
 Depths: D:15

Altars:
Ashenzari
Cheibriados
Dithmenos
Elyvilon
Fedhas
Gozag
Hepliaklqana
Kikubaaqudgha
Makhleb
Nemelex Xobeh
Okawaru
Qazlal
Ru
Sif Muna
Trog
Uskayaw
Vehumet
Wu Jian
Xom
Yredelemnul
Zin
The Shining One

Shops:
D:7 *   D:10 [

Portals:
Trove: D:12 (give 2 scrolls of acquirement)

Annotations:
D:10 2 runed translucent doors, middlethird's ghost, novice VSCj
D:11 Gastronok


Innate Abilities, Weirdness & Mutations

You are very small and have problems with some larger weapons.
You are too small for most types of armour.
You have supernaturally acute eyesight. (SInv)
You cover ground extremely quickly. (Speed+++)


Message History

There are monsters nearby!
There are monsters nearby!
You shoot an arrow. The centaur shouts!
The arrow hits the centaur!
The centaur is heavily wounded.
You hear a horrible gurgling sound! x2
The centaur shoots an arrow.
The arrow closely misses you.
You hear a horrible gurgling sound! x2
You see here a +0 orcbow.
You shoot an arrow. The arrow hits the centaur warrior!
You drain the centaur warrior.
The centaur warrior is moderately wounded.
The centaur warrior shoots an arrow.
The arrow hits you!!
You shoot an arrow. The arrow hits the centaur warrior!
The centaur warrior is heavily wounded.
The centaur warrior shoots an arrow.
The arrow barely misses you.
You shoot an arrow.
The arrow barely misses the centaur warrior.
You shoot an arrow.
The arrow hits the centaur warrior but does no damage.
You drain the centaur warrior.
The centaur warrior is heavily wounded.
The centaur warrior shoots an arrow.
The arrow misses you.
You shoot an arrow. The arrow hits the centaur warrior!
You drain the centaur warrior.
The centaur warrior is severely wounded.
You shoot an arrow. The arrow hits the centaur warrior.
The centaur warrior is almost dead.
The centaur warrior shoots an arrow.
The arrow hits you!!
* * * LOW HITPOINT WARNING * * *
You are too injured to fight recklessly!
Okay, then.
The centaur warrior shoots an arrow.
The arrow hits you!
* * * LOW HITPOINT WARNING * * *
You hear a shout!
You hear a horrible gurgling sound!
The centaur warrior shoots an arrow.
The arrow hits you!
You die...
Your body crumbles into a pile of gold.

#######.###...#..c#
#.# #.###.#c#
#####.#...#c#
#...#c###.#
#..cc...#.# #
#...c.#.#.#
#.......#.#
##########.#
#........@.#
#.##########
##.#### #...).#
#####.# #.# #.# #.#
###.#


You could see a centaur warrior (drained) and a centaur.

Vanquished Creatures
  3 centaur warriors
  2 boulder beetles (D:12)
  A two-headed ogre (D:9)
  5 skeletal warriors
  3 ugly things (D:12)
  3 cyclopes
  A manticore (D:12)
  3 black mambas
  3 elephants (Lair:1)
  6 cane toads (Lair:1)
  A gargoyle (D:13)
  4 rime drakes
  4 unseen horrors
  An efreet (D:9)
  A komodo dragon (D:12)
  A yaktaur (D:15)
  A guardian mummy (D:12)
  A tengu conjurer (D:13)
  A troll (D:13)
  3 polar bears
  A raiju (shapeshifter) (D:14)
  A slime creature (D:14)
  10 blink frogs
  A wyvern (Lair:2)
  A water elemental (D:14)
  A shadow (D:10)
  45 yaks
  4 basilisks
  5 wraiths
  5 vampire mosquitoes
  14 water moccasins
  4 acid dragons
  5 ice beasts
  An orc warrior (D:9)
  A sky beast (D:8)
  A black bear (D:4)
  A boggart (D:14)
  2 laughing skulls (D:13)
  4 centaurs
  11 wolves
  3 ogres
  A kobold brigand (D:10)
  2 gnoll sergeants
  Blork the orc (D:4)
  9 bullfrogs
  A cane toad simulacrum (Lair:2)
  3 scorpions
  16 wights (D:8)
  2 elephant simulacra (Lair:2)
  3 killer bees (D:10)
  6 electric eels
  5 howler monkeys
  3 jellies
  A bombardier beetle (D:5)
  3 hounds
  5 orc priests
  A sleepcap (D:6)
  Jessica (D:2)
  2 iguanas (D:7)
  14 orc wizards
  A wolf simulacrum (Lair:2)
  8 gnolls
  6 adders
  A white imp (D:6)
  2 ufetubi (D:7)
  A dart slug (D:1)
  2 ribbon worms
  33 orcs
  6 endoplasms
  2 giant cockroaches
  5 goblins
  5 hobgoblins
  4 jackals
  3 quokkas
  5 ball pythons
  3 bats
  4 frilled lizards
  14 kobolds
  8 rats
361 creatures vanquished.

Notes
Turn   | Place    | Note
-------+----------+-------------------------------------------
     0 | D:1      | ces the Spriggan Hunter began the quest for the Orb.
     0 | D:1      | Reached XP level 1. HP: 10/10 MP: 2/2
   352 | D:1      | Reached XP level 2. HP: 10/14 MP: 3/3
   984 | D:2      | Found a faded altar of an unknown god.
  1008 | D:2      | Found a sacrificial altar of Ru.
  1232 | D:2      | Reached XP level 3. HP: 8/18 MP: 4/4
  1305 | D:2      | Reached skill level 5 in Ranged Weapons
  1325 | D:2      | Noticed Jessica
  1329 | D:2      | Killed Jessica
  1660 | D:3      | Reached XP level 4. HP: 22/22 MP: 5/5
  1676 | D:3      | Found a hazy altar of Hepliaklqana.
  1676 | D:3      | Found a snail-covered altar of Cheibriados.
  1839 | D:3      | Reached skill level 6 in Ranged Weapons
  1987 | D:3      | Found an ancient bone altar of Kikubaaqudgha.
  2563 | D:4      | Noticed an ogre
  2591 | D:4      | Killed an ogre
  2592 | D:4      | Reached XP level 5. HP: 25/25 MP: 6/6
  2763 | D:4      | Noticed Blork the orc
  2768 | D:4      | Noticed a black bear
  2876 | D:3      | Reached skill level 7 in Ranged Weapons
  2876 | D:3      | Reached XP level 6. HP: 17/30 MP: 7/7
  3019 | D:4      | Found an ornate altar of the Wu Jian Council.
  3393 | D:4      | Found a staircase to the Ecumenical Temple.
  3403 | Temple   | Entered the Ecumenical Temple
  3413 | Temple   | Became a worshipper of Gozag Ym Sagoz the Greedy
  3665 | D:4      | Killed Blork the orc
  3851 | D:4      | Reached skill level 8 in Ranged Weapons
  3869 | D:5      | Entered Level 5 of the Dungeon
  4047 | D:5      | Reached XP level 7. HP: 33/33 MP: 8/8
  4235 | D:5      | Reached skill level 9 in Ranged Weapons
  5230 | D:6      | Reached skill level 10 in Ranged Weapons
  5230 | D:6      | Reached XP level 8. HP: 37/37 MP: 9/9
  6131 | D:6      | Reached skill level 11 in Ranged Weapons
  6719 | D:7      | Found Cthoom's Commerce Corner.
  6761 | D:7      | Reached skill level 12 in Ranged Weapons
  6986 | D:8      | Reached XP level 9. HP: 41/41 MP: 10/10
  7022 | D:8      | Found a shimmering blue altar of Sif Muna.
  7395 | D:8      | Reached skill level 13 in Ranged Weapons
  8173 | D:8      | Reached skill level 14 in Ranged Weapons
  8492 | D:9      | Found a blossoming altar of Fedhas.
  8679 | D:9      | Noticed a polar bear
  8705 | D:9      | Noticed an efreet
  8775 | D:9      | Killed an efreet
  8776 | D:9      | Reached XP level 10. HP: 40/46 MP: 11/11
  8823 | D:9      | Reached skill level 5 in Dodging
  9092 | D:9      | Reached skill level 5 in Stealth
  9566 | D:9      | Found a staircase to the Lair.
  9594 | D:9      | Found a hide-covered altar of Uskayaw.
  9597 | D:9      | Noticed a two-headed ogre
  9635 | D:9      | Killed a two-headed ogre
 10094 | D:10     | Entered Level 10 of the Dungeon
 10369 | D:10     | Reached skill level 15 in Ranged Weapons
 10565 | D:10     | Reached XP level 11. HP: 47/53 MP: 12/12
 10667 | D:10     | Noticed middlethird's ghost (novice VSCj)
 10667 | D:10     | Noticed a lich
 10667 | D:10     | Noticed a centaur warrior
 10667 | D:10     | Noticed a skeletal warrior
 10668 | D:10     | Noticed a necromancer
 10668 | D:10     | Noticed a deep elf zephyrmancer
 10816 | D:10     | Found Koyhy's Antique Armour Shop.
 11146 | D:10     | Found a runed translucent door.
 11188 | D:10     | Found a runed translucent door.
 11196 | D:10     | Noticed an eight-headed hydra
 11577 | D:11     | Noticed Gastronok
 11896 | Lair:1   | Entered Level 1 of the Lair of Beasts
 12048 | Lair:1   | Found a dark tunnel.
 12048 | Lair:1   | Noticed a lindwurm
 12563 | Lair:1   | Reached skill level 10 in Dodging
 12686 | Lair:1   | Reached skill level 16 in Ranged Weapons
 12746 | Lair:1   | Reached skill level 5 in Fighting
 13771 | Lair:1   | Reached XP level 12. HP: 39/60 MP: 13/13
 14519 | Lair:2   | Reached skill level 10 in Stealth
 15198 | Lair:2   | Found a shimmering altar of Xom.
 15379 | Lair:2   | Noticed a boulder beetle
 15626 | Lair:2   | Found a staircase to the Snake Pit.
 15989 | D:12     | Noticed a boulder beetle
 16013 | D:12     | Killed a boulder beetle
 16061 | D:12     | Reached skill level 17 in Ranged Weapons
 16841 | D:12     | Noticed a boulder beetle
 17038 | D:12     | Killed a boulder beetle
 17080 | D:12     | Reached XP level 13. HP: 39/66 MP: 14/14
 17301 | D:12     | Found a portal to a secret trove of treasure.
 18940 | D:13     | Identified the amulet "Ral Dica" {Reflect rPois rF++ rCorr
                  | Int+4 SH+5}
 19628 | D:14     | You fall into a shaft and drop 1 floor!
 19628 | D:15     | Entered Level 15 of the Dungeon
 20129 | D:15     | Reached skill level 18 in Ranged Weapons
 20149 | D:15     | Shot with an arrow by a centaur warrior

Illustrated notes

Levels and vault maps discovered:
D:1:      tarquinn_simple_flora_water_e, layout_basic, due_unseen_surprise
D:2:      minmay_kobold_bridge, layout_basic,
          ebering_ecumenical_altar_abandoned, basic_altar, uniq_jessica
D:3:      layout_basic, mainiacjoe_overflow_small_starburst,
          mainiacjoe_overflow_divided_tiny
D:4:      layout_layer_cave, nicolae_wu_jian_immortal_techniques,
          minmay_temple_entry_sparse_star, minmay_diced_spiral,
          uniq_blork_the_orc
D:5:      layout_loops_ring, kennysheep_generic_room_14
D:6:      layout_loops_ring
D:7:      layout_rooms, chequers_serial_rivers_small_3, nicolae_alphabet_shops
D:8:      layout_loops_ring, old_standard_altar
D:9:      layout_rooms, mainiacjoe_overflow_24_doors,
          mainiacjoe_overflow_concentric_impassable, hellmonk_lair_entry_icy,
          kennysheep_cluttered_room, kb_lookout_dungeons_type
D:10:     layout_irregular_city, muffindrake_ghost_dual_entry, serial_shops,
          kennysheep_little_box, nicolae_nh_ransacked_shop
D:11:     layout_loops_corners, david_orc_1_choice, uniq_gastronok
D:12:     layout_basic, nicolae_trove_entry_path_of_doom
D:13:     layout_long_grid, nicolae_kite_square_tiling_tiny
D:14:     layout_gridville, david_vaults_1, chequers_serial_rivers_room_a,
          st_stairs_1, minivault_14, minmay_misc_feat_more_columns
D:15:     gammafunk_enter_depths_forms, layout_basic
Temple:   hellmonk_temple_two_chambers
Lair:1:   layout_regular_city, nicolae_volcano_entry_vermiform, st_stairs_12,
          lemuel_fruit_tree, infiniplex_staircase_pool, serial_bayou_shore_a
Lair:2:   layout_regular_city, minmay_snake_entry_six_corridors,
          portal_ice_cave_entry_ice_simulacra, basic_altar, grunt_megastairs_3

Skill      XL: |  1  2  3  4  5  6  7  8  9 10 11 12 13 |
---------------+----------------------------------------+-----
Ranged Weapons | 5 6 7 8 10 12 14 15 16 17 18 | 18.0
Dodging        | 4 8 10 12 | 12.8
Stealth        | 3 6 9 12 13 | 13.1
Fighting       | 2 3 5 6 7 |  7.2

Action                     |  1- 3 |  4- 6 |  7- 9 | 10-12 | 13-15 || total
---------------------------+-------+-------+-------+-------+-------++-------
   Fire: Shortbow          |   109 |   121 |   539 |   659 |   176 ||  1604
  Evoke: Wand              |       |       |     3 |     2 |       ||     5
    Use: Scroll            |     2 |     3 |     9 |    10 |     7 ||    31
         Potion            |       |       |     6 |     2 |     1 ||     9
 Armour: Robe              |    18 |    14 |    57 |    83 |    18 ||   190
  Dodge: Dodged            |    28 |    27 |   136 |   258 |    60 ||   509
